 Dungeon Crawl Stone Soup version 0.30-a0-924-g0ad0bf95bc (webtiles) character file.

Game seed: 5348740319364657521

268 BigDaddyOpFi the Magician (level 6, 0/32 HPs)
             Began as a Deep Elf Earth Elementalist on Mar 22, 2023.
             Slain by a goblin
             ... wielding a +0 club
             ... led by Robin
              (2 damage)
             ... on level 2 of the Dungeon.
             The game lasted 00:02:49 (2142 turns).

BigDaddyOpFi the Magician (DEEE)                    Turns: 2142, Time: 00:02:49

Health: 0/32       AC:  3    Str:  5    XL:     6   Next: 0%
Magic:  7/14       EV: 13    Int: 22    God:
Gold:   120        SH:  0    Dex: 15    Spells: 10/14 levels left

rFire   . . .      SeeInvis .    i - +1 short sword
rCold   . . .      Faith    .    (no shield)
rNeg    . . .      Spirit   .    a - +0 robe
rPois   +          Reflect  .    (no helmet)
rElec   .          Rampage  .    t - +0 cloak
rCorr   .                        (no gloves)
Will    .....                    (no boots)
Stlth   +++                      (no amulet)
HPRegen 0.25/turn                g - ring of wizardry
MPRegen 0.14/turn                l - ring of poison resistance

@: no status effects
A: no striking features
a: no special abilities


You were on level 2 of the Dungeon.
You visited 1 branch of the dungeon, and saw 3 of its levels.

You collected 120 gold pieces.

Inventory:

Hand Weapons
 i - a +1 short sword (weapon)
Armour
 a - a +0 robe (worn)
 t - a +0 cloak (worn)
Jewellery
 g - a ring of wizardry (left hand)
 l - a ring of poison resistance (right hand)
Scrolls
 c - a scroll of teleportation
 e - a scroll of immolation
 j - 2 scrolls of vulnerability
 m - a scroll of amnesia
Potions
 b - a potion of magic
 d - 2 potions of mutation {unknown}
 f - a potion of attraction {unknown}
 h - a potion of heal wounds
 k - a potion of degeneration {unknown}
 n - a potion of curing {unknown}
 r - 3 potions of brilliance {unknown}
 s - 2 potions of flight {unknown}


   Skills:
 + Level 3.8 Dodging
 + Level 4.0 Stealth
 + Level 4.5 Spellcasting
 * Level 3.0 Conjurations
 - Level 1.6 Transmutations
 + Level 4.2 Earth Magic


You had 10 spell levels left.
You knew the following spells:

 Your Spells              Type           Power      Damage    Failure   Level
a - Sandblast             Erth           46%        2d11      1%          1
b - Stone Arrow           Conj/Erth      42%        3d9       2%          3

Your spell library contained the following spells:

 Spells                   Type           Power      Damage    Failure   Level
 Passwall                 Tmut/Erth      15%        N/A       1%          2
 Summon Small Mammal      Summ           16%        N/A       4%          1
 Petrify                  Tmut/Erth      18%        N/A       12%         4
 Call Canine Familiar     Summ           4%         N/A       13%         3
 Summon Guardian Golem    Hex/Summ       4%         N/A       13%         3


Dungeon Overview and Level Annotations

Branches:
Dungeon (3/15)

Altars:

Shops:
D:1 (


Message History

Aiming: Sandblast (safe; 1% risk of failure)
Press: ? - help, Shift-Dir - straight line, f/p - Robin
Aim: Robin, wielding a +7 club, wearing a +0 animal skin and wearing a +0 helmet (almost dead, 87% to hit)
The blast of sand hits Robin!
You kill Robin!
The goblin hits you with a +0 club. x2; The hobgoblin barely misses you.
Your Conjurations skill increases to level 3!
You have reached level 6!
Unknown command.
Casting: Sandblast (safe; 1% risk of failure)
Confirm with . or Enter, or press ? or * to list all spells.
Aiming: Sandblast (safe; 1% risk of failure)
Press: ? - help, Shift-Dir - straight line, f - hobgoblin
Aim: a hobgoblin (strong, 83% to hit)
The blast of sand hits the hobgoblin.
The hobgoblin is moderately wounded.
The goblin hits you with a +0 club.
* * * LOW HITPOINT WARNING * * *
The hobgoblin barely misses you.
Casting: Sandblast (safe; 1% risk of failure)
Confirm with . or Enter, or press ? or * to list all spells.
Aiming: Sandblast (safe; 1% risk of failure)
Press: ? - help, Shift-Dir - straight line, f/p - hobgoblin
Aim: a hobgoblin (moderately wounded, strong, 83% to hit)
The blast of sand misses the hobgoblin.
The goblin hits you with a +0 club.
* * * LOW HITPOINT WARNING * * *
The hobgoblin hits you.
* * * LOW HITPOINT WARNING * * *
The goblin closely misses you.
The hobgoblin hits you but does no damage.
Casting: Sandblast (safe; 1% risk of failure)
Confirm with . or Enter, or press ? or * to list all spells.
Aiming: Sandblast (safe; 1% risk of failure)
Press: ? - help, Shift-Dir - straight line, f/p - hobgoblin
Aim: a hobgoblin (moderately wounded, strong, 83% to hit)
The blast of sand hits the hobgoblin.
The hobgoblin is almost dead.
The hobgoblin no longer looks unusually strong.
The goblin hits you with a +0 club.
You die...

#..................
#..................
#..............#...
#..................
#####....#.............
#.......<..............
#.#####...)))..........
#.##.##g..)>)....##....
#.##.#@###.##.#.###....
#.##.#g#...............
#.##.#........#.###....
#.##.#.#.#.............
#.##.#.#...............
#.##.#.#.#....#.###....
#.##.#.#.#.##.#.###.###
#.##...................
#.............#.###.###


You could see a hobgoblin and a goblin (strong).

Vanquished Creatures
  Sigmund (D:2)
  A hound (D:2)
  Robin (D:2)
  2 adders (D:2)
  2 worms (D:2)
  3 dart slugs
  2 bats (D:1)
  5 endoplasms
  2 giant cockroaches (D:1)
  9 goblins
  3 hobgoblins
  2 jackals (D:2)
  A kobold (D:2)
  4 ball pythons
  3 frilled lizards
  6 rats
47 creatures vanquished.

Notes
Turn   | Place    | Note
-------+----------+-------------------------------------------
     0 | D:1      | BigDaddyOpFi the Deep Elf Earth Elementalist began the
                  | quest for the Orb.
     0 | D:1      | Reached XP level 1. HP: 10/10 MP: 6/6
   177 | D:1      | Reached XP level 2. HP: 15/15 MP: 6/8
   486 | D:1      | Found Rusk's Weapon Shoppe.
   930 | D:2      | Reached XP level 3. HP: 15/19 MP: 7/9
   965 | D:2      | Learned a level 3 spell: Stone Arrow
  1015 | D:2      | Noticed Sigmund
  1024 | D:2      | Killed Sigmund
  1025 | D:2      | Reached XP level 4. HP: 14/24 MP: 4/12
  1025 | D:2      | Reached XP level 5. HP: 17/28 MP: 4/13
  1918 | D:3      | Noticed Robin
  2127 | D:3      | HP: 1/28 [hobgoblin[Robin] (2)]
  2139 | D:2      | Killed Robin
  2140 | D:2      | Reached XP level 6. HP: 10/32 MP: 9/14
  2142 | D:2      | Slain by a goblin

Illustrated notes

Levels and vault maps discovered:
D:1:      psy_arrival_terrarium, layout_basic, serial_shops, shop_statue
D:2:      minmay_general_purpose_star, layout_basic, kennysheep_generic_room_5,
          uniq_sigmund
D:3:      layout_rooms, nicolae_uskayaw_dance_hall,
          mainiacjoe_overflow_alcove_4, hangedman_decor_slide_cut,
          dk_noncrumbling_2, nicolae_concentric_dashed_squares_wild,
          dreamdust_princess_corridor, uniq_robin

Skill      XL: |  1  2  3  4  5 |
---------------+----------------+-----
Stealth        | 3 4 |  4.0
Dodging        | 3 |  3.8
Spellcasting   | 4 |  4.5
Conjurations   | 2 3 |  3.0
Earth Magic    | 4 |  4.2
Transmutations | |  1.6

Action                     |  1- 3 |  4- 6 || total
---------------------------+-------+-------++-------
  Melee: Short sword       |     7 |     4 ||    11
         Dagger            |     1 |       ||     1
   Cast: Sandblast         |    39 |    37 ||    76
    Use: Scroll            |     1 |     7 ||     8
         Potion            |       |     2 ||     2
   Stab: Sleeping          |       |     1 ||     1
 Armour: Robe              |     5 |    18 ||    23
  Dodge: Dodged            |    32 |    50 ||    82

Table legend: (Time is in decaauts)
 A = Elapsed time spent in this place.
 B = Non-inter-level travel time spent in this place.
 C = Inter-level travel time spent in this place.
 D = Time resting spent in this place.
 E = Time spent auto-exploring this place.
 F = Levels seen in this place.
 G = Mean time per level.
                   A        B        C        D        E       F      G
               +--------+--------+--------+--------+--------+-----+--------+
         Total |   2178 |   2153 |     25 |    293 |   1526 |   3 |  726.0 |
       Dungeon |   2178 |   2153 |     25 |    293 |   1526 |   3 |  726.0 |
               +--------+--------+--------+--------+--------+-----+--------+

Top non-repeatable levels by time:
     D:2: 1383 daAuts
     D:1: 786 daAuts
     D:3: 8 daAuts
